| TOP OF THE 1ST |
|
Indianapolis Indians batting - Pitching for Gwinnett Braves : LHP Kyle Foster
|
|
Pitching: LHP Kyle Foster
|
|
|
Batting: RHB Jason Gee
|
0-0: Ball 1-0: Ball 2-0: Fly out, F9 (Flyball, 9S, EV 83.8 MPH)
|
|
Batting: RHB Luis Ramos
|
0-0: Ball 1-0: Called Strike 1-1: Ball 2-1: Ball 3-1: Ground out U3 (Groundball, 3, EV 86.2 MPH)
|
|
Batting: RHB Adam Kaeser
|
0-0: Called Strike 0-1: Ball 1-1: Foul Ball, location: 2F 1-2: Strikes out looking
|
| Top of the 1st over - 0 runs, 0 hits, 0 errors, 0 left on base; Indianapolis 0 - Gwinnett 0 |
| BOTTOM OF THE 1ST |
|
Gwinnett Braves batting - Pitching for Indianapolis Indians : RHP George Sechler
|
|
Pitching: RHP George Sechler
|
|
|
Batting: RHB Edgar Castillo
|
0-0: Ball 1-0: Swinging Strike 1-1: Swinging Strike 1-2: Strikes out swinging
|
|
Batting: RHB Alex Munoz
|
0-0: Called Strike 0-1: Ball 1-1: Ball 2-1: Called Strike 2-2: Ball 3-2: Ground out 6-3 (Groundball, 6, EV 86.2 MPH)
|
|
Batting: LHB Chris Locklear
|
0-0: Called Strike 0-1: Ball 1-1: SOLO HOME RUN (Flyball, 9D, EV 98.8 MPH), Distance : 370 ft
|
|
Batting: SHB Bob Morales
|
0-0: Ball 1-0: Ball 2-0: Ball 3-0: Called Strike 3-1: Foul Ball, location: 2F 3-2: Foul Ball, location: 2F 3-2: Ground out 6-3 (Groundball, 6MS, EV 65.6 MPH)
|
| Bottom of the 1st over - 1 run, 1 hit, 0 errors, 0 left on base; Indianapolis 0 - Gwinnett 1 |
| TOP OF THE 2ND |
|
Indianapolis Indians batting - Pitching for Gwinnett Braves : LHP Kyle Foster
|
|
Batting: LHB Alberto Figueroa
|
0-0: Foul Ball, location: 2F 0-1: Called Strike 0-2: Strikes out looking
|
|
Batting: RHB Chris Pozzi
|
0-0: Called Strike 0-1: Called Strike 0-2: Ball 1-2: Foul Ball, location: 2F 1-2: Ball 2-2: Fly out, F8 (Flyball, 8RD, EV 106.9 MPH)
|
|
Batting: RHB Caleb Russell
|
0-0: Ground out 5-3 (Groundball, 5D, EV 86.2 MPH)
|
| Top of the 2nd over - 0 runs, 0 hits, 0 errors, 0 left on base; Indianapolis 0 - Gwinnett 1 |
| BOTTOM OF THE 2ND |
|
Gwinnett Braves batting - Pitching for Indianapolis Indians : RHP George Sechler
|
|
Batting: RHB Jesse Lester
|
0-0: Ball 1-0: Swinging Strike 1-1: Ball 2-1: Foul Ball, location: 2F 2-2: Ball 3-2: Base on Balls
|
|
Batting: RHB John Peterson
|
0-0: Called Strike 0-1: Called Strike Jesse Lester steals 2nd, throwing error, E2 Jesse Lester to third 0-2: Ball 1-2: SINGLE (Line Drive, 56D, EV 96.2 MPH) Jesse Lester scores
|
|
Batting: RHB Dave Nickerson
|
0-0: Called Strike 0-1: Ball 1-1: Called Strike 1-2: Foul Ball, location: 2F 1-2: Foul Ball, location: 2F 1-2: Foul Ball, location: 2F 1-2: Ball 2-2: Strikes out swinging
|
|
Batting: RHB Ivan Ramirez
|
0-0: Ball 1-0: Called Strike John Peterson steals 2nd base (no throw) 1-1: Foul Ball, location: 2F 1-2: Foul Ball, location: 2F 1-2: Foul Ball, location: 2F 1-2: Ball 2-2: Strikes out looking
|
|
Batting: RHB Riley Nasiir
|
0-0: Called Strike 0-1: Called Strike 0-2: Ball 1-2: Ball 2-2: Ball 3-2: Foul Ball, location: 2F 3-2: Foul Ball, location: 2F 3-2: Strikes out swinging
|
| Bottom of the 2nd over - 1 run, 1 hit, 1 error, 1 left on base; Indianapolis 0 - Gwinnett 2 |
| TOP OF THE 3RD |
|
Indianapolis Indians batting - Pitching for Gwinnett Braves : LHP Kyle Foster
|
|
Batting: LHB Edwin Aguilar
|
0-0: Ball 1-0: Called Strike 1-1: Ball 2-1: Ball 3-1: Foul Ball, location: 2F 3-2: Strikes out looking
|
|
Batting: RHB Isaiah Yarbrough
|
0-0: Called Strike 0-1: Swinging Strike 0-2: Strikes out swinging
|
|
Batting: RHB Slamet Pamungkas
|
0-0: Ball 1-0: Ball 2-0: Ball 3-0: Called Strike 3-1: Ground out 4-3 (Groundball, 4, EV 83.8 MPH)
|
| Top of the 3rd over - 0 runs, 0 hits, 0 errors, 0 left on base; Indianapolis 0 - Gwinnett 2 |
| BOTTOM OF THE 3RD |
|
Gwinnett Braves batting - Pitching for Indianapolis Indians : RHP George Sechler
|
|
Batting: RHB Edgar Castillo
|
0-0: Swinging Strike 0-1: Called Strike 0-2: Strikes out swinging
|
|
Batting: RHB Alex Munoz
|
0-0: Foul Ball, location: 2F 0-1: Swinging Strike 0-2: Strikes out swinging
|
|
Batting: LHB Chris Locklear
|
0-0: Ball 1-0: Ball 2-0: Ball 3-0: Called Strike 3-1: SINGLE (Groundball, 25, EV 69.4 MPH) (infield hit)
|
|
Batting: SHB Bob Morales
|
0-0: Called Strike Chris Locklear is caught stealing 2nd base 2-6
|
| Bottom of the 3rd over - 0 runs, 1 hit, 0 errors, 0 left on base; Indianapolis 0 - Gwinnett 2 |
| TOP OF THE 4TH |
|
Indianapolis Indians batting - Pitching for Gwinnett Braves : LHP Kyle Foster
|
|
Batting: RHB Jason Gee
|
0-0: Ball 1-0: Ball 2-0: Called Strike 2-1: Ball 3-1: Ground out 5-3 (Groundball, 56, EV 100.0 MPH)
|
|
Batting: RHB Luis Ramos
|
0-0: Foul Ball, location: 2F 0-1: Fly out, F9 (Flyball, 9LMF, EV 76.9 MPH)
|
|
Batting: RHB Adam Kaeser
|
0-0: SINGLE (Groundball, 6MD, EV 95.6 MPH)
|
|
Batting: LHB Alberto Figueroa
|
0-0: Fielders Choice at 2nd, U6 (Groundball, 6M, EV 103.8 MPH)
|
| Top of the 4th over - 0 runs, 1 hit, 0 errors, 1 left on base; Indianapolis 0 - Gwinnett 2 |
| BOTTOM OF THE 4TH |
|
Gwinnett Braves batting - Pitching for Indianapolis Indians : RHP George Sechler
|
|
Batting: SHB Bob Morales
|
0-0: Called Strike 0-1: Foul Ball, location: 2F 0-2: Ball 1-2: Ball 2-2: Strikes out swinging
|
|
Batting: RHB Jesse Lester
|
0-0: Ground out U3 (Groundball, 3, EV 83.1 MPH)
|
|
Batting: RHB John Peterson
|
0-0: Called Strike 0-1: Ball 1-1: Called Strike 1-2: SINGLE (Groundball, 56, EV 96.9 MPH) (infield hit)
|
|
Batting: RHB Dave Nickerson
|
0-0: Ball John Peterson is caught stealing 2nd base 2-4
|
| Bottom of the 4th over - 0 runs, 1 hit, 0 errors, 0 left on base; Indianapolis 0 - Gwinnett 2 |
| TOP OF THE 5TH |
|
Indianapolis Indians batting - Pitching for Gwinnett Braves : LHP Kyle Foster
|
|
Batting: RHB Chris Pozzi
|
0-0: Ball 1-0: Ball 2-0: Called Strike 2-1: Ball 3-1: Base on Balls
|
|
Batting: RHB Caleb Russell
|
0-0: Called Strike 0-1: Called Strike 0-2: Ball 1-2: Ball 2-2: Foul Ball, location: 2F 2-2: Foul Ball, location: 2F 2-2: Foul Ball, location: 2F 2-2: Fly out, F8 (Line Drive, 8LM, EV 91.2 MPH)
|
|
Batting: LHB Edwin Aguilar
|
0-0: Fielders Choice at 2nd, 4-6 (Groundball, 4, EV 86.9 MPH)
|
|
Batting: RHB Isaiah Yarbrough
|
0-0: Ball 1-0: Foul Ball, location: 2F 1-1: Called Strike 1-2: Ball 2-2: Strikes out looking
|
| Top of the 5th over - 0 runs, 0 hits, 0 errors, 1 left on base; Indianapolis 0 - Gwinnett 2 |
| BOTTOM OF THE 5TH |
|
Gwinnett Braves batting - Pitching for Indianapolis Indians : RHP George Sechler
|
|
Batting: RHB Dave Nickerson
|
0-0: Swinging Strike 0-1: Foul Ball, location: 2F 0-2: Ball 1-2: Ball 2-2: Strikes out swinging
|
|
Batting: RHB Ivan Ramirez
|
0-0: Called Strike 0-1: Called Strike 0-2: Foul Ball, location: 2F 0-2: Ball 1-2: Fly out, F8 (Flyball, 8RXD, EV 106.2 MPH)
|
|
Batting: RHB Riley Nasiir
|
0-0: Called Strike 0-1: Swinging Strike 0-2: Strikes out looking
|
| Bottom of the 5th over - 0 runs, 0 hits, 0 errors, 0 left on base; Indianapolis 0 - Gwinnett 2 |
| TOP OF THE 6TH |
|
Indianapolis Indians batting - Pitching for Gwinnett Braves : LHP Kyle Foster
|
|
Batting: RHB Slamet Pamungkas
|
0-0: Ball 1-0: Ball 2-0: Foul Ball, location: 2F 2-1: Called Strike 2-2: Ball 3-2: Foul Ball, location: 2F 3-2: Foul Ball, location: 2F 3-2: Base on Balls
|
|
Batting: RHB Jason Gee
|
0-0: Called Strike Slamet Pamungkas steals 2nd base 0-1: Ground out 4-3 (Groundball, 4, EV 76.2 MPH) Slamet Pamungkas to third
|
|
Batting: RHB Luis Ramos
|
0-0: Called Strike 0-1: Ground out 4-3 (Groundball, 4, EV 110.0 MPH) Slamet Pamungkas scores
|
|
Batting: RHB Adam Kaeser
|
0-0: Foul Ball, location: 2F 0-1: Foul Ball, location: 2F 0-2: Ground out 5-3 (Groundball, 56S, EV 91.2 MPH)
|
| Top of the 6th over - 1 run, 0 hits, 0 errors, 0 left on base; Indianapolis 1 - Gwinnett 2 |
| BOTTOM OF THE 6TH |
|
Gwinnett Braves batting - Pitching for Indianapolis Indians : RHP George Sechler
|
|
Batting: RHB Edgar Castillo
|
0-0: Ball 1-0: Ball 2-0: Foul Ball, location: 2F 2-1: Called Strike 2-2: Foul Ball, location: 2F 2-2: Foul Ball, location: 2F 2-2: SINGLE (Groundball, 5D, EV 107.5 MPH)
|
|
Batting: RHB Alex Munoz
|
0-0: Ball 1-0: Called Strike 1-1: Ball 2-1: Ball 3-1: Called Strike 3-2: Grounds into double play, 4-6-3 (Groundball, 4, EV 86.2 MPH)
|
|
Batting: LHB Chris Locklear
|
0-0: Foul Ball, location: 2F 0-1: Ball 1-1: Foul Ball, location: 2F 1-2: SINGLE (Line Drive, 6D, EV 97.5 MPH)
|
|
Pitching: RHP Mario Medrano
|
|
|
Batting: SHB Bob Morales
|
0-0: Fly out, F7 (Flyball, 7D, EV 98.8 MPH)
|
| Bottom of the 6th over - 0 runs, 2 hits, 0 errors, 1 left on base; Indianapolis 1 - Gwinnett 2 |
| TOP OF THE 7TH |
|
Indianapolis Indians batting - Pitching for Gwinnett Braves : LHP Kyle Foster
|
|
Batting: LHB Alberto Figueroa
|
0-0: Called Strike 0-1: Ball 1-1: Foul Ball, location: 2F 1-2: Foul Ball, location: 2F 1-2: Strikes out swinging
|
|
Batting: RHB Chris Pozzi
|
0-0: Ball 1-0: Foul Ball, location: 2F 1-1: Called Strike 1-2: Ball 2-2: Ball 3-2: Base on Balls
|
|
Batting: RHB Caleb Russell
|
0-0: Ball 1-0: Swinging Strike 1-1: Ball 2-1: Ball 3-1: Foul Ball, location: 2F 3-2: Foul Ball, location: 2F 3-2: Base on Balls Chris Pozzi to second
|
|
Pinch Hitting: RHB Jerry Escamilla
|
0-0: Ball 1-0: Called Strike 1-1: Ball 2-1: Ball 3-1: Called Strike Chris Pozzi is caught stealing 3rd base 2-5 Caleb Russell to second 3-2: Base on Balls
|
|
Pitching: LHP Justin Sullins
|
|
|
Batting: RHB Isaiah Yarbrough
|
0-0: Called Strike 0-1: Ground out U3 (Groundball, 3, EV 105.0 MPH)
|
| Top of the 7th over - 0 runs, 0 hits, 0 errors, 2 left on base; Indianapolis 1 - Gwinnett 2 |
| BOTTOM OF THE 7TH |
|
Gwinnett Braves batting - Pitching for Indianapolis Indians : RHP Mario Medrano
|
|
Now at 1B: Jerry Escamilla
|
|
|
Now in RF: Caleb Russell
|
|
|
Batting: RHB Jesse Lester
|
0-0: Ball 1-0: Called Strike 1-1: Swinging Strike 1-2: Ball 2-2: Strikes out looking
|
|
Batting: RHB John Peterson
|
0-0: Foul Ball, location: 2F 0-1: Ball 1-1: Foul Ball, location: 2F 1-2: Foul Ball, location: 2F 1-2: Foul Ball, location: 2F 1-2: Ball 2-2: Foul Ball, location: 2F 2-2: Ball 3-2: Ground out 6-3 (Groundball, 6, EV 77.5 MPH)
|
|
Batting: RHB Dave Nickerson
|
0-0: Called Strike 0-1: Ground out 5-3 (Groundball, 5L, EV 96.9 MPH)
|
| Bottom of the 7th over - 0 runs, 0 hits, 0 errors, 0 left on base; Indianapolis 1 - Gwinnett 2 |
| TOP OF THE 8TH |
|
Indianapolis Indians batting - Pitching for Gwinnett Braves : LHP Justin Sullins
|
|
Now at 3B: Mike Manchester
|
|
|
Now in RF: Fred Arends
|
|
|
Batting: RHB Slamet Pamungkas
|
0-0: Ball 1-0: Ball 2-0: Ball 3-0: Called Strike 3-1: Ground out 5-3 (Groundball, 5, EV 83.1 MPH)
|
|
Batting: RHB Jason Gee
|
0-0: SINGLE (Groundball, 56S, EV 82.5 MPH) (infield hit)
|
|
Batting: RHB Luis Ramos
|
0-0: Ball 1-0: Fly out, F7 (Flyball, 7LSF, EV 94.4 MPH)
|
|
Batting: RHB Adam Kaeser
|
0-0: Called Strike 0-1: Swinging Strike 0-2: Foul Ball, location: 2F 0-2: Ball 1-2: SINGLE (Line Drive, 89D, EV 102.5 MPH) Jason Gee to second Runner from 2nd tries for 3rd, SAFE, throw by CF made to third
|
|
Batting: LHB Alberto Figueroa
|
0-0: Called Strike 0-1: Swinging Strike 0-2: Fly out, F9 (Flyball, 89D, EV 97.5 MPH)
|
| Top of the 8th over - 0 runs, 2 hits, 0 errors, 2 left on base; Indianapolis 1 - Gwinnett 2 |
| BOTTOM OF THE 8TH |
|
Gwinnett Braves batting - Pitching for Indianapolis Indians : RHP Mario Medrano
|
|
Pitching: RHP Albert Carrero
|
|
|
Batting: RHB Ivan Ramirez
|
0-0: Called Strike 0-1: Swinging Strike 0-2: Ball 1-2: Strikes out looking
|
|
Batting: RHB Riley Nasiir
|
0-0: Foul Ball, location: 2F 0-1: Ball 1-1: Called Strike 1-2: Strikes out swinging
|
|
Batting: RHB Edgar Castillo
|
0-0: Called Strike 0-1: Foul Ball, location: 2F 0-2: Strikes out swinging
|
| Bottom of the 8th over - 0 runs, 0 hits, 0 errors, 0 left on base; Indianapolis 1 - Gwinnett 2 |
| TOP OF THE 9TH |
|
Indianapolis Indians batting - Pitching for Gwinnett Braves : LHP Justin Sullins
|
|
Pitching: RHP Chong-hun Park
|
|
|
Batting: RHB Chris Pozzi
|
0-0: Ball 1-0: Ball 2-0: Called Strike 2-1: Fly out, F9 (Line Drive, 9S, EV 105.6 MPH)
|
|
Batting: RHB Caleb Russell
|
0-0: Fly out, F7 (Flyball, 7, EV 89.4 MPH)
|
|
Batting: RHB Jerry Escamilla
|
0-0: Called Strike 0-1: Ball 1-1: Ball 2-1: Ground out 6-3 (Groundball, 56S, EV 84.4 MPH)
|
| Top of the 9th over - 0 runs, 0 hits, 0 errors, 0 left on base; Indianapolis 1 - Gwinnett 2 |
|